Map: Alcyone LE

Players

A.I. 1 (Very Easy) - Winner!

  • Race: Terran Terran
  • Spawn Location: 1:00

flashandfoul

  • Race: Terran Terran
  • Spawn Location: 7:00

VOD

https://www.youtube.com/watch?v=IlIzSOHjbkI

Description

Time

  • Played on: Feb. 24, 2024, 2 p.m.
  • Length: 8:05
Show
View Real Time Build Order
Export as new Build Order

A.I. 1 (Very Easy) Terran - Winner!

Build Orders:  

Get SALT Encoding   

  6  0:00  SCV  
  13  0:13  SCV  
  14  0:19  Supply Depot  
  14  0:37  Refinery  
  14  0:41  Barracks  
  14  1:02  Supply Depot  
  14  1:11  Refinery  
  14  1:28  Barracks Tech Lab  
  14  1:29  Orbital Command  
  14  1:46  Marauder  
  16  1:54  SCV  
  17  2:06  SCV  
  18  2:19  SCV  
  19  2:31  SCV  
  19  2:32  Marine  
  21  2:43  SCV  
  22  2:55  SCV  
  23  3:18  Marine  
  24  6:43  SCV  
  24  6:44  Marine  
  26  6:47  Supply Depot  
  26  6:49  Factory  
  26  6:52  Command Center  
  26  6:55  SCV  
  27  7:08  SCV  
  27  7:10  Supply Depot  
  27  7:15  Marine  
  29  7:20  SCV  
  26  7:33  SCV  
  27  7:37  Starport  
  27  7:47  Marine  
Show
View Real Time Build Order
Export as new Build Order

flashandfoul Terran 

Build Orders: Cyclone Opening, Mech 

Get SALT Encoding   

  6  0:00  SCV  
  13  0:12  SCV  
  14  0:16  Supply Depot  
  14  0:24  SCV  
  15  0:38  SCV  
  15  0:39  Barracks  
  16  0:43  Refinery  
  16  0:50  SCV  
  16  0:52  Refinery  
  17  1:02  SCV  
  18  1:14  SCV  
  19  1:26  Orbital Command, Reaper  
  19  1:28  Supply Depot  
  20  1:40  Factory  
  20  1:53  SCV  
  21  1:58  Reaper  
  22  2:05  SCV  
  23  2:18  SCV  
  24  2:23  Cyclone  
  24  2:29  Command Center  
  26  2:30  SCV  
  26  2:36  Starport  
  27  2:42  Barracks Tech Lab, SCV  
  28  2:54  SCV  
  28  2:55  Factory Tech Lab  
  29  3:05  Supply Depot  
  29  3:06  SCV  
  30  3:17  Refinery  
  30  3:18  SCV  
  31  3:26  Siege Tank  
  34  3:30  SCV  
  35  3:36  Raven  
  37  3:42  Orbital Command, SCV  
  38  3:54  SCV  
  39  3:59  Command Center  
  39  4:01  Siege Tank  
  42  4:06  SCV  
  42  4:09  Refinery  
  43  4:14  Supply Depot  
  43  4:17  Raven  
  43  4:18  SCV  
  43  4:19  SCV  
  47  4:31  SCV x2  
  48  4:33  Siege Tank  
  52  4:42  Engineering Bay  
  52  4:43  SCV x2  
  54  4:48  Barracks Reactor  
  54  4:51  Raven  
  56  4:55  SCV x2, Supply Depot  
  58  5:05  Siege Tank  
  61  5:07  SCV  
  61  5:10  Orbital Command, Missile Turret, SCV  
  63  5:19  SCV  
  64  5:22  Missile Turret, SCV  
  64  5:26  Supply Depot  
  65  5:31  Missile Turret, SCV  
  65  5:34  Viking, SCV  
  69  5:38  Orbital Command  
  69  5:43  SCV  
  69  5:46  SCV  
  71  5:52  Viking, Siege Tank  
  71  5:55  SCV  
  77  5:59  SCV  
  78  6:04  SCV, Refinery  
  78  6:07  SCV  
  78  6:09  Refinery  
  78  6:11  Supply Depot, SCV  
  81  6:16  Barracks Reactor, SCV  
  81  6:18  Factory  
  82  6:19  Viking, Factory, SCV  
  82  6:22  Viking  
  82  6:24  Siege Tank  
  90  6:28  SCV x2  
  90  6:32  SCV  
  93  6:38  Supply Depot  
  93  6:39  Supply Depot  
  93  6:40  SCV  
  93  6:41  SCV  
  93  6:44  SCV  
  93  6:45  Armory  
  93  6:46  Armory  
  96  6:51  Viking  
  96  6:52  Viking  
  96  6:53  SCV  
  101  6:59  Siege Tank, SCV  
  105  7:03  Siege Tank  
  105  7:04  SCV  
  105  7:05  SCV  
  110  7:09  Supply Depot  
  110  7:11  SCV, Supply Depot  
  110  7:12  Supply Depot  
  111  7:17  Hellion x2, SCV x2  
  117  7:30  Viking  
  117  7:31  SCV  
  117  7:32  Hellion  
  117  7:35  Hellion  
  124  7:38  SCV x2  
  124  7:40  Factory x2  
  124  7:43  SCV  
  129  7:44  Supply Depot  
  129  7:50  SCV  
  141  8:05  Command Center  
Tags
 
Composition
Mech
Matchup
TvT
Race
Terran
Spawn Locations
Cross Positions
Add a new tag
Caveats
  • Supply blocks, unpowered buildings, or Contaminate may cause inaccurate times.
  • Supply counts are checked every 10 seconds.